 Dungeon Crawl Stone Soup version 0.21-a0-529-g8c7b3f5 (webtiles) character file.

52 Ketzopolo the Firebug (level 3, -3/28 HPs)
             Began as a Draconian Fire Elementalist on Dec 10, 2017.
             Slain by a gnoll
             ... wielding a +0 spear
              (8 damage)
             ... on level 1 of the Dungeon.
             The game lasted 00:09:01 (1456 turns).

Ketzopolo the Firebug (Draconian Fire Elementalist) Turns: 1456, Time: 00:09:02

Health: -3/28      AC:  6    Str: 10    XL:     3   Next: 60%
Magic:  4/6        EV: 12    Int: 16    God:
Gold:   64         SH:  0    Dex: 11    Spells: 2/6 levels left

rFire    . . .     SeeInvis .   h - +0 dagger
rCold    . . .     Gourm    .   (no shield)
rNeg     . . .     Faith    .   (armour unavailable)
rPois    .         Spirit   .   (helmet restricted)
rElec    .         Reflect  .   p - +0 cloak
rCorr    .         Harm     .   (no gloves)
MR       .....                  (no boots)
Stlth    ++........             (no amulet)
HPRegen  0.09/turn              (no ring)
MPRegen  0.10/turn              (no ring)

@: very slightly contaminated
A: unfitting armour, cold-blooded, AC +5
a: no special abilities


You were on level 1 of the Dungeon.
You were near starving.

You visited 1 branch of the dungeon, and saw 2 of its levels.

You collected 64 gold pieces.

Inventory:

Hand Weapons
 h - a +0 dagger (weapon)
Missiles
 d - 21 stones (quivered)
Armour
 p - a +0 cloak (worn)
Scrolls
 c - a scroll of identify {unknown}
 f - a scroll of immolation {unknown}
 r - a scroll of amnesia {unknown}
Potions
 e - a potion of heal wounds {unknown}
 g - a potion of lignification {unknown}
 i - a potion of might {unknown}
 k - a potion of magic {unknown}
 l - a potion of curing {unknown}
 m - a potion of agility {unknown}
 n - 2 potions of haste {unknown}
 q - a potion of resistance {unknown}
Books
 a - a book of Flames

   Spells                             Type                      Level
   a - Flame Tongue                   Conjuration/Fire             1
   b - Throw Flame                    Conjuration/Fire             2
   c - Conjure Flame                  Conjuration/Fire             3
   d - Inner Flame                    Hexes/Fire                   3
   e - Sticky Flame                   Conjuration/Fire             4
   f - Fireball                       Conjuration/Fire             5
Comestibles
 b - 2 bread rations
 j - a royal jelly


   Skills:
 + Level 1.3 Fighting
 - Level 1.7 Dodging
 - Level 1.7 Stealth
 + Level 2.3 Spellcasting
 * Level 2.1 Conjurations
 * Level 3.6 Fire Magic


You had 2 spell levels left.
You knew the following spells:

 Your Spells              Type           Power        Failure   Level  Hunger
a - Flame Tongue          Conj/Fire      ##...        6%          1    #......
b - Conjure Flame         Conj/Fire      ##......     19%         3    ###....


Dungeon Overview and Level Annotations

Branches:
Dungeon (2/15)

Altars:


Innate Abilities, Weirdness & Mutations

Your plain brown scales are hard. (AC +5)
You cannot fit into any form of body armour.
You are cold-blooded and may be slowed by cold attacks.


Message History

The gnoll hits you from afar with a spear!
* * * LOW HITPOINT WARNING * * *
There is an open door here.
Okay, then.
There is an open door here.
The gnoll misses you.
You are near starving!
There is an open door here.
Casting: Flame Tongue
Confirm with . or Enter, or press ? or * to list all spells.
Aiming: Conjure Flame
Press: ? - help, Dir - move target cursor, p - gnoll You miscast Conjure Flame.
You are very lightly contaminated with residual magic.
Strange energies run through your body.
The gnoll hits you from afar with a spear!
* * * LOW HITPOINT WARNING * * *
There is an open door here.
The gnoll hits you from afar with a spear!
You die...

##.#...#..##.###.#####.#
#.###.#)............#.#
#.....##........#.#.#.#
#.....##.......##.#.#.#
#....###.......##.#.#.# ####
#....###............#.#######...
###...##.........#.###.......#g##
..'....#...#####'#'#########.#.##
###...........g.@.....# ####...##
#...................# #........
#...................# #.#######
#....##+##..........# #.#
#.....#.##.########.###.#
#..........# #.....# #..........#
####### #.......##.# ####.....#.#


You could see a gnoll.

Vanquished Creatures
  2 gnolls (D:1)
  An ooze (D:1)
  2 dart slugs (D:1)
  A ball python (D:1)
  2 bats (D:1)
  3 giant cockroaches (D:1)
  5 goblins
  2 hobgoblins (D:1)
  3 kobolds (D:1)
  A frilled lizard (D:1)
  A rat (D:2)
23 creatures vanquished.

Notes
Turn   | Place    | Note
-------+----------+-------------------------------------------
     0 | D:1      | Ketzopolo the Draconian Fire Elementalist began the quest for the Orb.
     0 | D:1      | Reached XP level 1. HP: 14/14 MP: 3/3
   303 | D:1      | Reached XP level 2. HP: 22/22 MP: 1/5
   712 | D:1      | Reached skill level 1 in Fighting
   806 | D:1      | Reached XP level 3. HP: 28/28 MP: 3/6
  1105 | D:1      | Learned a level 3 spell: Conjure Flame
  1332 | D:1      | HP: 1/28 [gnoll/spear (9)]
  1456 | D:1      | Slain by a gnoll

Vault maps used:
D:1:      onia_arrival_mini_maze_b
D:2:      fedhas_altar_2, uniq_jessica

Skill      XL: |  1  2  3 |
---------------+----------+-----
Fighting       | 1 |  1.3
Conjurations   | 2 |  2.1
Dodging        | |  1.7
Stealth        | |  1.7
Spellcasting   | |  2.3
Fire Magic     | |  3.6

Action                   || total
-------------------------++-------
Melee: Unarmed           ||     1
       Dagger            ||    10
 Cast: Flame Tongue      ||    48
       Conjure Flame     ||     3
  Eat: Chunk             ||     1
Armor: Skin              ||    16
Dodge: Dodged            ||    34

Table legend:
 A = Spawn XP
 B = Non-spawn XP
 C = Spawn XP percentage of total XP
 D = Spawn monster count
 E = Non-spawn monster count
 F = Spawn count percentage of total count
 G = Total turns spent on level
                    A         B        C        D         E        F      G
               +---------+---------+-------+---------+---------+-------+---------
         Total |       0 |      75 |   0.0 |       0 |      23 |   0.0 |  1456
               +---------+---------+-------+---------+---------+-------+---------
           D:1 |       0 |      70 |   0.0 |       0 |      20 |   0.0 |  1415
           D:2 |       0 |       5 |   0.0 |       0 |       3 |   0.0 |    41
               +---------+---------+-------+---------+---------+-------+---------
